 Dungeon Crawl Stone Soup version 0.17-a0-1533-g2f57bce (webtiles) character file.

7482 Jb9000 the Geomancer (level 11, -5/60 HPs)
             Began as a Gargoyle Earth Elementalist on July 16, 2015.
             Was a Believer of Vehumet.
             Slain by a komodo dragon (11 damage)
             ... on level 9 of the Dungeon.
             The game lasted 01:52:56 (14142 turns).

Jb9000 the Geomancer (Gargoyle Earth Elementalist) Turns: 14142, Time: 01:52:56

Health: -5/60      AC: 23    Str: 14    XL:     11   Next: 15%
Magic:  12/18      EV: 11    Int: 17    God:    Vehumet [**....]
Gold:   127        SH:  0    Dex:  7    Spells: 7 memorised, 2 levels left

rFire  . . .     SeeInvis .     w - +3 whip (venom)
rCold  . . .     Rnd*Rage +     h - +4 ring mail
rNeg   + . .     SustAt   +     (no shield)
rPois  ∞         Gourm    .     (helmet restricted)
rElec  +         Spirit   .     a - +0 cloak
rCorr  .         Warding  .     O - +0 pair of gloves
rMut   .         Stasis   .     (no boots)
MR     .....                    (no amulet)
Stlth  +++.......               R - ring of sustain attributes
                                E - ring of wizardry

@: invisible, not resistant to hostile enchantments, fairly stealthy
A: antennae 1, rough black scales 1, berserk 1, clumsy 1, deterioration 2,
negative energy resistance 1, electricity resistance, unbreathing, evolution 1,
petrification resistance, rot immunity, AC +7
a: Renounce Religion


You were on level 9 of the Dungeon.
You worshipped Vehumet.
Vehumet was pleased with you.
You were not hungry.

You visited 2 branches of the dungeon, and saw 11 of its levels.

You collected 387 gold pieces.
You spent 260 gold pieces at shops.

Inventory:

Hand weapons
 o - a +0 blowgun
 w - a +3 whip of venom (weapon)
 x - a +1 hand crossbow of velocity
 C - a +1 mace of crushing
 I - a +0 shortbow
 V - a +3 war axe of flaming
Missiles
 i - 2 throwing nets
 m - 32 bolts
 p - 15 bolts of frost
 v - 48 stones
 F - 6 poisoned arrows
 G - 5 steel javelins (quivered)
 J - 10 bolts of flame
 L - 147 arrows
 S - 5 poisoned needles
 U - 5 tomahawks
 X - 9 curare-tipped needles
 Z - 19 arrows of frost
Armour
 a - a +0 cloak (worn)
 h - a +4 ring mail (worn)
 n - a +0 helmet
 N - the +1 chain mail "Soilona" {rC++ Str-2 Dex+5}
   (You found it on level 5 of the Dungeon)

   It affects your strength (-2).
   It affects your dexterity (+5).
   It greatly protects you from cold.
 O - a +0 pair of gloves (worn)
Jewellery
 E - a ring of wizardry (left hand)
 P - an uncursed ring of flight
 R - a ring of sustain attributes (right hand)
Magical devices
 g - a wand of slowing (14)
 k - a wand of magic darts (9)
 s - a wand of magic darts (20)
 y - a wand of invisibility (7)
Scrolls
 b - a scroll of immolation
 f - a scroll of identify
 j - a scroll of recharging
 q - 3 scrolls of teleportation
 u - a scroll of blinking
 B - a scroll of fog
Potions
 e - 4 potions of curing
 t - a potion of berserk rage
 z - a potion of flight
 A - 3 potions of agility
 D - 2 potions of brilliance
 K - a potion of invisibility
Books
 c - a book of Geomancy

   Spells                             Type                      Level
   a - Sandblast                      Earth                        1
   b - Stoneskin                      Transmutation/Earth          2
   c - Passwall                       Transmutation/Earth          3
   d - Stone Arrow                    Conjuration/Earth            3
   e - Petrify                        Transmutation/Earth          4
   f - Lee's Rapid Deconstruction     Earth                        5
 r - a book of Unlife

   Spells                             Type                      Level
   a - Recall                         Summoning/Translocation      3
   b - Animate Dead                   Necromancy                   4
   c - Control Undead                 Necromancy                   4
   d - Cigotuvi's Embrace             Necromancy                   5
   e - Death Channel                  Necromancy                   6
   f - Simulacrum                     Ice/Necromancy               6
Miscellaneous
 Y - a box of beasts
Comestibles
 d - 4 bread rations
 l - a meat ration
 H - 4 fruits
 M - 3 royal jellies


   Skills:
 - Level 3.8 Fighting
 - Level 1.0(2.3) Axes
 - Level 3.5(3.6) Maces & Flails
   Level 0.3(0.8) Polearms
 - Level 3.0 Crossbows
 - Level 2.0 Throwing
 + Level 5.0 Armour
 - Level 3.3 Dodging
 + Level 8.0 Stealth
 - Level 0.2 Unarmed Combat
 + Level 5.2 Spellcasting
 + Level 5.0 Conjurations
 + Level 4.8 Necromancy
 + Level 4.4 Transmutations
 * Level 8.1 Earth Magic
 + Level 1.7 Poison Magic
 + Level 1.5 Evocations


You had 2 spell levels left.
You knew the following spells:

 Your Spells              Type           Power        Failure   Level  Hunger
a - Sandblast             Erth           ####..       1%          1    None
b - Stoneskin             Trmt/Erth      ####....     1%          2    #......
c - Animate Dead          Necr           N/A          16%         4    ####...
d - Stone Arrow           Conj/Erth      ####..       3%          3    ###....
e - Passwall              Trmt/Erth      ####......   3%          3    ###....
f - Petrify               Trmt/Erth      ####....     9%          4    ####...
g - Sting                 Conj/Pois      ###.         4%          1    None


Dungeon Overview and Level Annotations

Branches:
Dungeon (10/15)            Temple (1/1) D:6
   Lair: D:8-11         Orc: D:9-12

Altars:
Ashenzari
Cheibriados
Dithmenos
Elyvilon
Fedhas
Gozag
Kikubaaqudgha
Makhleb
Nemelex Xobeh
Okawaru
Qazlal
Ru
Sif Muna
Trog
Vehumet
Xom
Yredelemnul
Zin
The Shining One

Shops:
D:7 }   D:8 }


Innate Abilities, Weirdness & Mutations

You are resistant to torment.
Your stone body is resilient (AC +7).
You are immune to poison.
You resist negative energy.
You are resistant to electric shocks.
You can survive without breathing.
You are immune to petrification.
You are immune to rotting.
You have a pair of small antennae on your head.
You are partially covered in rough black scales (AC +4, Dex -1).
You tend to lose your temper in combat.
You are clumsy. (Dex -2)
Your body often deteriorates upon taking damage.
You evolve.


Message History

Confirm with . or Enter, or press ? or * to list all spells.
Aiming: Sting
Press: ? - help, Shift-Dir - straight line, f/p - komodo dragon
Aim: a komodo dragon (moderately wounded, poisoned)
The sting hits the komodo dragon.
The komodo dragon looks even sicker.
The komodo dragon is moderately wounded.
The komodo dragon bites you.
You hit the komodo dragon.
The komodo dragon looks even sicker.
The komodo dragon is moderately wounded.
The komodo dragon bites you!
* * * LOW HITPOINT WARNING * * *
The komodo dragon bites you!
* * * LOW HITPOINT WARNING * * *
You climb upwards.
There is a stone staircase leading down here.
Unknown command.
Drink which item? (? for menu, Esc to quit)
You fade into invisibility!
The komodo dragon bites you!
You die...

#...# #....... #...#
#.......
#...#######.......
#.................
#.................
#.........#####.##
#.........#...#.#.
##.........'...#.#.
#.@........#...#.#.
#l.........##+##.#.
#................#.
#................##
##.................#
#......##'######...#
######.#>......#...#
#.#.[.....+..)#
#.##......#...#


You could see a komodo dragon.

Vanquished Creatures
  A two-headed ogre (D:8)
  A queen bee (D:8)
  Grinder (D:3)
  4 yaks (D:9)
  Sigmund (D:3)
  4 wraiths (D:8)
  A deep elf mage (D:9)
  3 hippogriffs
  4 sky beasts
  Duvessa (D:7)
  3 orc warriors
  An ogre (D:7)
  4 centaurs
  2 ice beasts
  A necrophage (D:7)
  A black bear (D:9)
  3 phantoms
  2 giant frogs
  Dowan (D:7)
  A troll zombie (D:8)
  3 scorpions
  20 killer bees
  8 wights
  3 crimson imps
  A centaur zombie (D:5)
  2 human zombies (D:8)
  A centaur skeleton (D:4)
  Ijyb (D:2)
  2 jellies (D:9)
  An orc priest (D:7)
  10 orc wizards
  2 giant frog skeletons
  5 hounds
  A human skeleton (D:8)
  3 iguanas
  Natasha (thrice) (D:2)
  5 worker ants
  An ogre skeleton (D:8)
  2 mummies (D:8)
  9 gnolls
  19 adders
  A shadow imp (D:7)
  An ooze (D:1)
  An adder skeleton (D:4)
  8 giant geckos
  16 orcs
  A ball python (D:4)
  10 bats
  A giant cockroach (D:1)
  23 goblins
  23 hobgoblins
  2 quokkas
  2 giant gecko zombies
  7 giant newts
  26 jackals
  13 kobolds
  An orc zombie (D:8)
  17 rats
295 creatures vanquished.

Vanquished Creatures (collateral kills)
  An orc warrior (D:7)
  An orc wizard (D:7)
  An orc (D:7)
3 creatures vanquished.

Vanquished Creatures (others)
  Robin (D:3)
  A fungus (D:8)
2 creatures vanquished.

Grand Total: 300 creatures vanquished

Notes
Turn   | Place    | Note
--------------------------------------------------------------
     0 | D:1      | Jb9000 the Gargoyle Earth Elementalist began the quest for the Orb.
     0 | D:1      | Reached XP level 1. HP: 10/10 MP: 3/3
   613 | D:1      | Reached XP level 2. HP: 15/15 MP: 3/5
   660 | D:1      | Learned a level 2 spell: Stoneskin
   972 | D:1      | Reached XP level 3. HP: 20/20 MP: 2/6
  1010 | D:1      | Reached skill level 4 in Earth Magic
  1238 | D:1      | Reached skill level 1 in Transmutations
  1838 | D:2      | Noticed Ijyb
  1869 | D:2      | Killed Ijyb
  1869 | D:2      | Reached skill level 1 in Armour
  1869 | D:2      | Reached XP level 4. HP: 19/24 MP: 2/7
  2255 | D:2      | Reached skill level 1 in Axes
  2336 | D:2      | Learned a level 4 spell: Animate Dead
  2421 | D:2      | Reached XP level 5. HP: 28/28 MP: 5/8
  2450 | D:2      | Reached skill level 1 in Fighting
  2826 | D:2      | Noticed Natasha
  2831 | D:2      | Killed Natasha
  2999 | D:2      | Noticed Natasha
  3011 | D:2      | Killed Natasha
  3119 | D:2      | Noticed Natasha
  3183 | D:2      | Killed Natasha
  3458 | D:3      | Noticed Robin
  3466 | D:3      | Killed Robin
  3568 | D:3      | Noticed Sigmund
  3579 | D:3      | Killed Sigmund
  3579 | D:3      | Reached skill level 1 in Maces & Flails
  3579 | D:3      | Reached skill level 1 in Necromancy
  3579 | D:3      | Reached XP level 6. HP: 32/34 MP: 1/9
  3656 | D:3      | Learned a level 3 spell: Stone Arrow
  3662 | D:3      | Noticed Grinder
  3669 | D:3      | Paralysed by Grinder for 6 turns
  3682 | D:3      | Paralysed by Grinder for 4 turns
  3697 | D:3      | Paralysed by Grinder for 5 turns
  3704 | D:3      | Paralysed by Grinder for 4 turns
  3737 | D:3      | Killed Grinder
  3737 | D:3      | Reached XP level 7. HP: 12/39 MP: 1/11
  5750 | D:4      | Reached skill level 5 in Earth Magic
  5803 | D:5      | Entered Level 5 of the Dungeon
  5903 | D:5      | Reached skill level 1 in Conjurations
  5961 | D:5      | Reached skill level 5 in Stealth
  5961 | D:5      | Reached XP level 8. HP: 23/44 MP: 2/12
  5974 | D:5      | Reached skill level 1 in Crossbows
  6273 | D:5      | Gained mutation: You are frail (-10% HP). [mutagenic meat]
  6300 | D:5      | Got a slimy chain mail
  6312 | D:5      | Identified the cursed +1 chain mail "Soilona" {rC++ Str-2 Dex+5} (You found it on level 5 of the Dungeon)
  6352 | D:5      | Found a bloodstained altar of Trog.
  6750 | D:5      | Learned a level 3 spell: Passwall
  7060 | D:6      | Found a bloodstained altar of Trog.
  7217 | D:6      | Found a staircase to the Ecumenical Temple.
  7261 | D:6      | Reached skill level 6 in Stealth
  7403 | Temple   | Entered the Ecumenical Temple
  7464 | Temple   | Became a worshipper of Vehumet
  7980 | D:7      | Reached XP level 9. HP: 45/45 MP: 9/14
  8507 | D:7      | Found Ugryro Muco's Gadget Emporium.
  8527 | D:7      | Bought a box of beasts for 260 gold pieces
  8606 | D:7      | Noticed Duvessa
  8607 | D:7      | Noticed Dowan
  8617 | D:7      | Killed Duvessa
  8630 | D:7      | Killed Dowan
  8811 | D:7      | Acquired Vehumet's first power
  8811 | D:7      | Offered knowledge of Magic Dart by Vehumet.
  8820 | D:7      | Lost mutation: You are frail (-10% HP). [potion of cure mutation]
  9162 | D:7      | Found a snail-covered altar of Cheibriados.
  9251 | D:7      | Found a white marble altar of Elyvilon.
  9926 | D:7      | Reached skill level 7 in Stealth
  9979 | D:8      | Found Qatuov's Gadget Boutique.
 10320 | D:7      | Reached XP level 10. HP: 42/56 MP: 8/16
 10664 | D:8      | Found a shattered altar of Ashenzari.
 10835 | D:8      | Learned a level 4 spell: Petrify
 10900 | D:8      | Found a blossoming altar of Fedhas.
 10913 | D:8      | Found a stormy altar of Qazlal.
 11203 | D:8      | Offered knowledge of Sting by Vehumet.
 11209 | D:8      | Learned a level 1 spell: Sting
 11257 | D:8      | Reached skill level 1 in Throwing
 11701 | D:8      | Found a basalt altar of Yredelemnul.
 12152 | D:8      | Reached skill level 5 in Spellcasting
 12426 | D:8      | Found a deep blue altar of Sif Muna.
 12801 | D:9      | Gained mutation: Your flesh is cold resistant. [mutagenic meat]
 12802 | D:9      | Gained mutation: You evolve. [mutagenic meat]
 12803 | D:9      | Gained mutation: Your body sometimes deteriorates upon taking damage. [mutagenic meat]
 12804 | D:9      | Gained mutation: You have a pair of small antennae on your head. [mutagenic meat]
 12805 | D:9      | Gained mutation: You tend to lose your temper in combat. [mutagenic meat]
 13331 | D:9      | Reached skill level 1 in Evocations
 13359 | D:9      | Reached skill level 1 in Poison Magic
 13359 | D:9      | Reached XP level 11. HP: 42/60 MP: 18/18
 13541 | D:9      | Offered knowledge of Mephitic Cloud by Vehumet.
 13584 | D:9      | Reached skill level 5 in Armour
 13584 | D:9      | Reached skill level 8 in Stealth
 13885 | D:9      | Reached skill level 5 in Conjurations
 14047 | D:9      | Gained mutation: You are clumsy. (Dex -2) [mutagenic meat]
 14048 | D:9      | Gained mutation: Your body often deteriorates upon taking damage. [mutagenic meat]
 14049 | D:9      | Lost mutation: Your flesh is cold resistant. [mutagenic meat]
 14096 | D:9      | Gained mutation: You are partially covered in rough black scales (AC +4, Dex -1). [evolution]
 14129 | D:10     | Entered Level 10 of the Dungeon
 14142 | D:9      | Slain by a komodo dragon

Vault maps used:
D:1:      lemuel_arrival_hallway
D:2:      kennysheep_goblin_castle, first_bread, nicolae_underground_beach,
          uniq_natasha
D:3:      uniq_robin, uniq_sigmund, uniq_grinder
D:4:      eino_tiny_chamber
D:5:      lemuel_doored_altar
D:6:      minmay_temple_entry_junction2, trog_book
D:7:      cheibriados_altar_wand_db, elyvilon_altar_1, serial_shops, shop,
          uniq_duvessa
D:8:      kennysheep_orc_sif_temple, grunt_temple_overflow_forces_of_nature,
          lemuel_mausoleum_altar_yredelemnul, kennysheep_mini, serial_shops,
          shop, david_nohive_1
D:9:      wad_crossroads
D:10:     lair_0_dummy, orc_0_dummy
Temple:   circular_temple_pool_12

Action                   |  1- 3 |  4- 6 |  7- 9 | 10-12 || total
-------------------------+-------+-------+-------+-------++-------
Melee: Unarmed           |    41 |       |       |       ||    41
       Hand axe          |   100 |    40 |       |       ||   140
       Halberd           |       |    24 |       |       ||    24
       Whip              |       |    40 |   158 |   416 ||   614
       Mace              |       |       |       |    18 ||    18
 Fire: Hand crossbow     |       |     3 |   111 |    59 ||   173
       Blowgun           |       |       |     1 |     1 ||     2
Throw: Stone             |    10 |       |       |       ||    10
       Javelin           |       |       |     5 |    13 ||    18
 Cast: Sandblast         |    29 |    52 |   251 |    81 ||   413
       Stoneskin         |     1 |     6 |     4 |     8 ||    19
       Stone Arrow       |       |       |     7 |    24 ||    31
       Sting             |       |       |       |    36 ||    36
       Petrify           |       |       |       |     9 ||     9
Evoke: Wand              |       |       |     2 |    26 ||    28
  Use: Potion            |       |     4 |     6 |     5 ||    15
       Scroll            |       |     3 |    16 |     5 ||    24
 Stab: Sleeping          |       |     1 |       |     7 ||     8
       Distracted        |       |       |     1 |     1 ||     2
  Eat: Chunk             |     2 |     2 |     7 |    11 ||    22
       Royal jelly       |     1 |       |     1 |     5 ||     7
       Meat ration       |       |     1 |     1 |       ||     2
       Beef jerky        |       |       |     4 |       ||     4
       Bread ration      |       |       |     1 |     1 ||     2
       Pizza             |       |       |     1 |       ||     1
